 Dungeon Crawl Stone Soup version 0.29-a0-219-g0a02b1cf4f (webtiles) character file.

Game seed: 16804614432756375944

154878 jlumianski the Victor of a Thousand Battles (level 17, -2/139 HPs)
             Began as a Demonspawn Gladiator on Feb 25, 2022.
             Was the Champion of Okawaru.
             Slain by an alligator (15 damage)
             ... led by an alligator
             ... on level 3 of the Swamp on Feb 26, 2022.
             The game lasted 02:54:42 (35194 turns).

jlumianski the Victor of a Thousand Battles (DsGl) Turns: 35194, Time: 02:54:43

Health: -2/139     AC: 30    Str: 20    XL:     17   Next: 7%
Magic:  31/31      EV: 10    Int: 17    God:    Okawaru [******]
Gold:   2342       SH: 16    Dex: 21    Spells: 16/16 levels left

rFire   . . .      SeeInvis +   v - +9 double sword (elec)
rCold   + . .      Faith    .   X - +3 warlock's mirror {reflect}
rNeg    . . .      Spirit   .   s - +2 crystal plate armour {rC+}
rPois   +          Reflect  +   (helmet unavailable)
rElec   .          Harm     .   T - +2 cloak {Will+}
rCorr   .          Rampage  ∞   J - +1 pair of gloves "Monoeb" {Dex+5}
Will    ++...                   j - +3 pair of seven-league boots {Rampage+∞}
Stlth   ..........              e - amulet "Marghule" {Reflect Rampage rPois Int+6 SH+5}
HPRegen 0.33/turn               u - +4 ring of protection
MPRegen 0.22/turn               U - +4 ring of evasion

@: no status effects
A: antennae 3, rugged brown scales 1, ignite blood 2, black mark, demonic magic
2, bedeviling, deformed body
a: Renounce Religion, Heroism, Finesse, Duel


You were on level 3 of the Swamp.
You worshipped Okawaru.
Okawaru was exalted by your worship.
You visited 5 branches of the dungeon, and saw 28 of its levels.
You also visited: Sewer and Ice Cave.

You collected 2814 gold pieces.
You spent 472 gold pieces at shops.

Inventory:

Hand Weapons
 v - a +9 double sword of electrocution (weapon)
 x - the +11 mace of Purpose {vamp, Contam rPois rCorr}
   (You found it on level 14 of the Dungeon)

   It occasionally heals its wielder for a portion of the damage dealt when it
   wounds a living foe.
   rPois:     It protects you from poison.
   Contam:    It causes magical contamination when unequipped.
   rCorr:     It protects you from acid and corrosion.
 Q - a +2 scimitar of flaming
Missiles
 d - 4 throwing nets
 f - 46 boomerangs (quivered)
 h - 8 datura-tipped darts
 G - 11 poisoned darts
 P - 7 silver javelins
Armour
 j - the +3 pair of seven-league boots (worn) {Rampage+∞}
   (Okawaru gifted it to you on level 12 of the Dungeon)

   Its wearer moves as far as possible in that direction when moving towards
   enemies.
 q - the +2 plate armour of the Monkey {rN+ Dex+5 Slay-2}
   (Okawaru gifted it to you on level 2 of the Swamp)

   Dex:       It affects your dexterity (+5).
   Slay:      It affects your accuracy & damage with ranged weapons and melee
   (-2).
   rN:        It protects you from negative energy.
 s - a +2 crystal plate armour of cold resistance (worn)
 I - the +1 chain mail "Hatuaphe Ril" {Contam rC+ rN+}
   (Okawaru gifted it to you on level 4 of the Swamp)

   rC:        It protects you from cold.
   rN:        It protects you from negative energy.
   Contam:    It causes magical contamination when unequipped.
 J - the +1 pair of gloves "Monoeb" (worn) {Dex+5}
   (You acquired it on level 7 of the Dungeon)

   Dex:       It affects your dexterity (+5).
 T - a +2 cloak of willpower (worn)
 X - the +3 warlock's mirror (worn) {reflect}
   (You found it on level 9 of the Dungeon)

   It can block and reflect piercing ranged attacks and magical attacks against
   the wielder's willpower.
Jewellery
 e - the amulet "Marghule" (around neck) {Reflect Rampage rPois Int+6 SH+5}
   (You acquired it on level 4 of the Dungeon)

   [amulet of reflection]

   It reflects blocked missile attacks.
   Int:       It affects your intelligence (+6).
   rPois:     It protects you from poison.
   SH:        It affects your SH (+5).
   Rampage:   It bestows one free step when moving towards enemies.
 p - a ring of willpower
 u - a +4 ring of protection (left hand)
 D - a ring of magical power
 H - a ring of flight
 U - a +4 ring of evasion (right hand)
Wands
 c - a wand of digging (4)
 r - a wand of acid (49)
 w - a wand of flame (24)
 S - a wand of iceblast (7)
Scrolls
 a - 3 scrolls of magic mapping
 g - 2 scrolls of fear
 l - 11 scrolls of teleportation
 o - a scroll of amnesia
 t - 3 scrolls of enchant weapon
 K - 4 scrolls of fog
 W - a scroll of blinking
Potions
 b - a potion of mutation
 i - 2 potions of attraction
 k - 7 potions of might
 m - 4 potions of lignification
 n - 3 potions of flight
 z - 12 potions of curing
 A - 3 potions of cancellation
 B - a potion of ambrosia
 C - 3 potions of heal wounds
 E - 3 potions of resistance
 F - 2 potions of invisibility
 R - 6 potions of haste
 Z - a potion of berserk rage
Miscellaneous
 y - a tin of tremorstones (2/2)
 L - a condenser vane


   Skills:
 + Level 12.5 Fighting
 - Level 16.0 Long Blades
 + Level 5.2(5.4) Axes
 + Level 0.3(3.2) Maces & Flails
 + Level 1.5(3.6) Polearms
 + Level 4.7 Throwing
 + Level 10.2 Armour
 + Level 6.5 Dodging
 + Level 3.5 Stealth
 + Level 11.3 Shields
 - Level 20.9 Invocations
 * Level 3.3 Evocations


You had 16 spell levels left.
You didn't know any spells.
Your spell library contained the following spells:

 Spells                   Type           Power      Damage    Failure   Level
 Freeze                   Ice            0%         1d3       100%        1
 Scorch                   Fire           0%         2d5       100%        2
 Frozen Ramparts          Ice            0%         1d2       100%        3
 Teleport Other           Tloc           0%         N/A       100%        3
 Airstrike                Air            0%         N/A       100%        4
 Anguish                  Hex/Necr       0%         N/A       100%        4
 Flame Wave               Conj/Fire      0%         2d4       100%        4
 Fulminant Prism          Conj/Hex       0%         3d6       100%        4
 Iskenderun's Mystic Bla  Conj/Tloc      0%         2d3       100%        4
 Passage of Golubria      Tloc           0%         N/A       100%        4
 Petrify                  Tmut/Erth      0%         N/A       100%        4
 Lee's Rapid Deconstruct  Erth           0%         3d5*      100%        5
 Lightning Bolt           Conj/Air       0%         1d11      100%        5
 Metabolic Englaciation   Hex/Ice        0%         N/A       100%        5
 Silence                  Hex/Air        0%         N/A       100%        5
 Statue Form              Tmut/Erth      0%         N/A       100%        6
 Enfeeble                 Hex            0%         N/A       100%        7
 Ozocubu's Refrigeration  Ice            0%         4d5       100%        7
 Lehudib's Crystal Spear  Conj/Erth      0%         10d2      100%        8
 Summon Small Mammal      Summ           Unusable   N/A       N/A         1
 Call Canine Familiar     Summ           Unusable   N/A       N/A         3
 Summon Guardian Golem    Hex/Summ       Unusable   N/A       N/A         3
 Tukima's Dance           Hex            Unusable   N/A       N/A         3
 Summon Ice Beast         Ice/Summ       Unusable   N/A       N/A         4
 Summon Lightning Spire   Summ/Air       Unusable   N/A       N/A         4
 Summon Forest            Summ/Tloc      Unusable   N/A       N/A         5
 Summon Cactus Giant      Summ           Unusable   N/A       N/A         6

Dungeon Overview and Level Annotations

Branches:
Dungeon (15/15)            Temple (1/1) D:5            Lair (6/6) D:11
  Swamp (4/4) Lair:4        Snake (0/4) Lair:2        Slime (0/5) Lair:6
    Orc (2/2) D:10            Elf (0/3) Orc:2        Vaults (0/5) D:14
 Depths (0/4) D:15          Sewer (visited)           IceCv (visited)

Altars:
Ashenzari
Cheibriados
Dithmenos
Elyvilon
Kikubaaqudgha
Makhleb
Nemelex Xobeh
Okawaru
Qazlal
Ru
Sif Muna
Trog
Uskayaw
Vehumet
Wu Jian
Xom
Yredelemnul
The Shining One
Beogh
Lugonu

Shops:
D:2 =   D:5 (   D:10 :   Orc:1 [   Orc:2 ([[*[

Portals:
Abyss: Lair:6
Trove: D:11 (give +6 ice dragon scales)


Innate Abilities, Weirdness & Mutations

You have a pair of large antennae on your head. (SInv)
You are partially covered in rugged brown scales. (AC +1, +3% HP)
Your demonic aura often causes spilled blood to erupt in flames.
Your melee attacks may debilitate your foes.
Spells you cast may paralyse nearby enemies.
Your hexes are more powerful.
Armour fits poorly on your strangely shaped body.


Message History

You block the alligator's attack. The alligator misses you.
Blink to where?
Press: ? - help, Dir - move target
As you read the scroll of blinking, it crumbles to dust.
The alligator is engulfed in blazing flames.
The alligator bites you!
* * * LOW HITPOINT WARNING * * *
You block the alligator's attack.
The ghoul is engulfed in blazing flames.
You block the alligator's attack.
The alligator tail-slaps you but does no damage.
The alligator bites you!
* * * LOW HITPOINT WARNING * * *
The alligator misses you.
You climb upwards.
There is a stone staircase leading down here.
You feel much better.
The alligator puts on a burst of speed!
The alligator bites you but does no damage.
The alligator closely misses you. You block the alligator's attack.
The alligator tail-slaps you but does no damage.
The alligator puts on a burst of speed!
You enter the shallow water.
Moving in this stuff is going to be slow.
You block the alligator's attack. x2
The alligator bites you but does no damage.
The alligator tail-slaps you but does no damage.
You block the alligator's attack. The alligator tail-slaps you!
* * * LOW HITPOINT WARNING * * *
The alligator closely misses you.
The alligator tail-slaps you but does no damage.
You block the alligator's attack. The alligator barely misses you.
You block the alligator's attack. The alligator misses you.
You block the alligator's attack.
The alligator tail-slaps you but does no damage.
You block the alligator's attack. x2
You block the alligator's attack. The alligator tail-slaps you!
* * * LOW HITPOINT WARNING * * *
The alligator bites you!
You die...

♣♣.≈♣.♣♣§≈≈≈......≈≈≈.≈..≈♣♣.≈.♣≈
♣♣≈...♣♣♣........≈≈≈≈.§♣♣♣♣≈.....
.≈.≈≈.♣ ♣♣.≈≈.....≈≈≈≈.≈♣ ♣♣♣♣≈†.
..≈≈≈.♣♣♣.≈≈.§≈≈.≈≈§§≈..♣ ♣♣≈≈
≈.≈≈≈♣♣♣.....≈≈§≈≈≈≈§..≈♣ ♣♣≈..
≈.♣♣..♣♣♣)......≈≈§≈≈≈.♣♣ ♣.≈≈≈
≈≈≈≈.≈.♣≈...≈≈..≈≈≈≈§≈.≈♣ ♣.≈≈≈
≈≈.≈.≈.♣≈..≈≈≈..≈§≈≈≈§≈♣♣ ♣≈≈≈≈
≈.§...≈♣....≈.≈.@t...≈♣♣ ♣≈≈§≈
≈≈♣♣♣♣♣..≈..§....t...≈♣♣♣ ♣♣♣≈.≈§
≈.♣ ♣.≈≈≈.♣♣♣♣≈♣♣.≈§≈..♣♣♣≈..†.≈
♣♣♣ ♣.≈≈≈.♣♣≈.≈♣♣.§≈≈≈...♣≈≈≈.≈≈
..♣ ♣♣.....♣≈.§♣♣.≈≈≈≈§.≈≈♣≈≈≈..
≈≈♣ ♣♣.≈≈≈≈♣♣♣♣♣≈≈≈≈≈≈.≈≈.≈≈..≈
.≈♣ ♣♣.≈≈≈≈.♣♣♣♣♣.≈≈≈≈≈≈...≈≈≈.≈
♣♣♣♣♣♣≈.≈≈≈≈...≈♣♣≈..≈≈≈≈≈≈...≈.≈
≈♣♣♣≈≈§≈≈≈≈≈≈.♣♣♣♣♣.≈.≈≈.♣≈≈♣♣♣≈.


You could see 2 alligators.

Vanquished Creatures
  The ghost of Efairey the Warrior, an adept DsGl of Ashenzari (Swamp:1)
  The ghost of testman the Brawler, an adept TrMo of Gozag (Swamp:1)
  Frances (Swamp:1)
  Gastronok (D:8)
  A thorn hunter (Swamp:2)
  Kirke (D:13)
  The ghost of Xonepos the Protected, an adept MiFi of Yredelemnul (Swamp:1)
  A fenstrider witch (Swamp:2)
  A reaper (IceCv)
  A stone giant (D:15)
  The ghost of Opripao the Severer, a journeyman MiFi of Qazlal (D:15)
  4 bunyips
  3 eleionomae
  The ghost of sammy202020 the Carver, a journeyman MiFi of Hepliaklqana (Swamp:1)
  2 shambling mangroves
  Harold (D:8)
  2 boulder beetles
  12 hydras
  4 vault guards
  Erolcha (D:13)
  Fannar (Orc:1)
  A catoblepas (Lair:4)
  7 centaur warriors
  4 two-headed ogres
  A spriggan air mage (Swamp:1)
  Erica (D:11)
  7 death yaks
  5 alligators
  3 tengu warriors
  2 death knights
  2 orc high priests (Orc:2)
  3 thrashing horrors (Lair:6)
  A fire crab (shapeshifter) (Lair:6)
  Amaemon (Orc:1)
  4 skeletal warriors
  7 goliath frogs
  3 bog bodies
  10 swamp dragons
  2 spriggan druids
  3 phantasmal warriors
  Pikel (D:6)
  A deep elf pyromancer (D:14)
  15 ugly things
  2 orc knights
  6 orc sorcerers (Orc:2)
  A wolf spider (shapeshifter) (Lair:6)
  A wolf spider (D:14)
  6 will-o-the-wisps
  6 manticores
  6 elephants (Lair:4)
  7 cyclopes
  A torpor snail (Lair:5)
  Joseph (D:8)
  An ice statue (IceCv)
  2 black mambas
  2 unseen horrors
  A gargoyle (D:14)
  A smoke demon (Lair:6)
  An orange demon (Orc:1)
  18 cane toads
  4 freezing wraiths
  13 komodo dragons
  A rime drake (Lair:6)
  A komodo dragon (shapeshifter) (Lair:6)
  2 efreet
  An anaconda simulacrum (IceCv)
  An ice devil (IceCv)
  2 tengu conjurers (D:15)
  2 ancient zymes (Lair:6)
  12 tyrant leeches
  7 trolls
  17 hornets
  21 blink frogs
  A polar bear (Lair:6)
  6 slime creatures
  17 dream sheep (Lair:5)
  Sigmund (D:3)
  A dire elephant simulacrum (IceCv)
  12 spriggans
  A shadow (D:9)
  4 wraiths
  A wyvern (Lair:3)
  10 small abominations (Lair:6)
  2 hogs (D:13)
  6 humans
  A steam dragon (D:8)
  A large abomination (Lair:6)
  72 yaks
  8 basilisks
  2 chaos spawn (Lair:6)
  25 vampire mosquitoes
  3 death yak simulacra
  2 wargs (Orc:2)
  A harpy simulacrum (IceCv)
  9 swamp worms
  4 nagas
  17 water moccasins
  A swamp drake (Swamp:3)
  30 orc warriors
  An ice beast (D:4)
  7 black bears
  2 sky beasts
  11 wolves
  6 ogres
  13 centaurs
  A kobold brigand (D:7)
  5 scorpions
  18 bullfrogs
  2 gnoll sergeants
  9 two-headed ogre simulacra
  14 killer bees
  5 elephant simulacra
  5 wights (D:7)
  2 howler monkeys
  8 electric eels
  3 vampire bats (D:13)
  4 crimson imps (D:5)
  7 hounds
  23 orc priests
  4 jellies
  38 orc wizards
  A hell rat (D:11)
  4 spriggan simulacra (IceCv)
  2 polar bear simulacra (IceCv)
  8 troll simulacra
  A wolf simulacrum (IceCv)
  7 gnolls
  4 naga simulacra
  14 adders
  2 river rats
  A shadow imp (D:8)
  13 white imps
  9 ufetubi (IceCv)
  7 worms
  3 dart slugs
  95 orcs
  3 bat skeletons (D:13)
  A bat zombie (D:13)
  6 endoplasms
  14 giant cockroaches
  4 goblins
  6 hobgoblins
  3 jackals (D:1)
  4 quokkas
  11 ball pythons
  4 bats
  6 frilled lizards
  11 kobolds
  6 rats
  A butterfly (Lair:1)
950 creatures vanquished.

Vanquished Creatures (others)
  Sonja (Orc:1)
  A bloated husk (Swamp:1)
  A human (D:4)
  30 foxfires
  19 fungi
  32 plants
84 creatures vanquished.

Grand Total: 1034 creatures vanquished

Notes
Turn   | Place    | Note
-------+----------+-------------------------------------------
     0 | D:1      | jlumianski the Demonspawn Gladiator began the quest for the
                  | Orb.
     0 | D:1      | Reached XP level 1. HP: 16/16 MP: 1/1
   135 | D:1      | Gained mutation: You are partially covered in rugged brown
                  | scales. (AC +1, +3% HP) [demonic ancestry]
   135 | D:1      | Reached XP level 2. HP: 14/22 MP: 2/2
   390 | D:1      | Found a faded altar of an unknown god.
  1075 | D:2      | Found Yghupu's Jewellery Boutique.
  1090 | D:2      | Reached XP level 3. HP: 27/27 MP: 3/3
  1346 | D:2      | Found a snail-covered altar of Cheibriados.
  1377 | D:2      | Reached skill level 1 in Armour
  1956 | D:3      | Reached XP level 4. HP: 25/33 MP: 4/4
  1967 | D:3      | Found a bloodstained altar of Trog.
  2030 | D:3      | Found a glowing drain.
  2035 | Sewer    | Entered a sewer
  2310 | Sewer    | Reached XP level 5. HP: 14/40 MP: 5/5
  2772 | Sewer    | Gained mutation: You have a pair of small antennae on your
                  | head. [demonic ancestry]
  2772 | Sewer    | Reached XP level 6. HP: 24/47 MP: 6/6
  3233 | D:3      | Noticed Sigmund
  3333 | D:3      | Noticed a +0 dagger
  3333 | D:3      | Noticed a +0 falchion
  3333 | D:3      | Noticed a +0 falchion
  3333 | D:3      | Noticed a +0 dagger
  3333 | D:3      | Noticed a +0 spear
  3341 | D:3      | Noticed a +0 spear
  3342 | D:3      | Noticed a +0 short sword
  3342 | D:3      | Noticed a +0 short sword
  3350 | D:3      | Found a hide-covered altar of Uskayaw.
  3369 | D:3      | Reached skill level 1 in Long Blades
  3522 | D:3      | Killed Sigmund
  3523 | D:3      | Reached skill level 5 in Axes
  4049 | D:3      | Found a sacrificial altar of Ru.
  4206 | D:3      | Gained mutation: You have a pair of antennae on your head.
                  | [demonic ancestry]
  4206 | D:3      | Reached XP level 7. HP: 14/53 MP: 7/7
  5010 | D:4      | Found an ancient bone altar of Kikubaaqudgha.
  5011 | D:4      | Noticed a human
  5014 | D:4      | Killed a human
  5100 | D:4      | Identified a scroll of acquirement
  5100 | D:4      | Acquired the amulet "Marghule" {Reflect Rampage rPois Int+6
                  | SH+5}
  5259 | D:4      | Gained mutation: Your demonic aura sometimes causes spilled
                  | blood to erupt in flames. [demonic ancestry]
  5259 | D:4      | Reached XP level 8. HP: 61/61 MP: 8/8
  5271 | D:5      | Entered Level 5 of the Dungeon
  5293 | D:5      | Identified the +5 scale mail of Lerel {rElec rPois rC-
                  | Int-5}
  5700 | D:5      | Found a shimmering altar of Xom.
  5744 | D:5      | Reached skill level 5 in Long Blades
  5753 | D:5      | Found a sparkling altar of Nemelex Xobeh.
  5838 | D:5      | Found a staircase to the Ecumenical Temple.
  5846 | D:5      | Reached skill level 1 in Shields
  5848 | Temple   | Entered the Ecumenical Temple
  5947 | Temple   | Became a worshipper of Warmaster Okawaru
  6098 | D:5      | Found Tayb Ynt's Hydra Hut.
  6101 | D:5      | Noticed a four-headed hydra
  6682 | D:6      | Reached skill level 5 in Fighting
  6682 | D:6      | Reached skill level 1 in Stealth
  6822 | D:6      | Found a shimmering blue altar of Sif Muna.
  6883 | D:6      | Identified the +7 war axe of Harmony {speed, Fragile rElec
                  | rCorr Dex+3}
  6946 | D:5      | Reached XP level 9. HP: 70/70 MP: 9/9
  7019 | D:6      | Reached * piety under Okawaru
  7500 | D:7      | Reached skill level 1 in Invocations
  7694 | D:7      | Reached skill level 2 in Invocations
  7763 | D:7      | Found a runed translucent door.
  7876 | D:7      | Noticed Pikel
  7909 | D:6      | Killed Pikel
  7910 | D:6      | Reached skill level 3 in Invocations
  7944 | D:7      | Reached ** piety under Okawaru
  7983 | D:7      | Acquired the +1 pair of gloves "Monoeb" {Dex+5}
  8178 | D:7      | Killed an unseen horror
  8179 | D:7      | Reached skill level 4 in Invocations
  8549 | D:8      | Noticed Gastronok
  8606 | D:8      | Reached XP level 10. HP: 60/78 MP: 13/13
  8736 | D:8      | Reached skill level 5 in Armour
  8796 | D:8      | Reached skill level 5 in Invocations
  8802 | D:8      | Reached *** piety under Okawaru
  9023 | D:8      | Noticed Harold
  9031 | D:8      | Killed Harold
  9108 | D:8      | Killed Gastronok
  9108 | D:8      | Reached **** piety under Okawaru
  9109 | D:8      | Reached skill level 6 in Invocations
  9298 | D:8      | Noticed Joseph
  9316 | D:8      | Killed Joseph
  9794 | D:9      | Identified the +6 long sword of Proximity {vorpal, Int-3
                  | Dex+7}
  9798 | D:9      | Found an ornate altar of the Wu Jian Council.
  9823 | D:9      | Received a gift from Okawaru
  9862 | D:9      | Reached skill level 7 in Invocations
  9975 | D:9      | Gained mutation: Spells you cast may paralyse adjacent
                  | enemies. [demonic ancestry]
  9975 | D:9      | Reached XP level 11. HP: 79/85 MP: 16/16
  9981 | D:9      | Reached ***** piety under Okawaru
 10118 | D:9      | Found a burning altar of Makhleb.
 10363 | D:9      | Found the +3 warlock's mirror {reflect}
 10632 | D:10     | Entered Level 10 of the Dungeon
 10714 | D:10     | Reached skill level 10 in Long Blades
 11093 | D:10     | Found a basalt altar of Yredelemnul.
 11216 | D:10     | Reached skill level 8 in Invocations
 11222 | D:10     | Noticed a two-headed ogre
 11228 | D:10     | Killed a two-headed ogre
 11228 | D:10     | Received a gift from Okawaru
 11234 | D:10     | Found Kiwoce Gafa's Book Emporium.
 11436 | D:10     | Found a staircase to the Orcish Mines.
 11611 | D:11     | Noticed a skeletal warrior
 11613 | D:11     | Noticed a skeletal warrior
 11615 | D:11     | Noticed a skeletal warrior
 11618 | D:11     | Noticed a skeletal warrior
 11643 | D:10     | Killed a skeletal warrior
 11643 | D:10     | Received a gift from Okawaru
 11798 | D:10     | Killed a skeletal warrior
 11883 | D:10     | Killed a skeletal warrior
 11956 | D:11     | Killed a skeletal warrior
 11956 | D:11     | Received a gift from Okawaru
 12005 | D:11     | Reached skill level 9 in Invocations
 12020 | D:11     | Reached skill level 5 in Dodging
 12120 | D:11     | Found a portal to a secret trove of treasure.
 12147 | D:11     | Noticed Erica
 12149 | D:11     | Noticed a boulder beetle
 12153 | D:11     | Killed Erica
 12154 | D:11     | Noticed a death knight
 12160 | D:11     | Gained mutation: Your demonic aura often causes spilled
                  | blood to erupt in flames. [demonic ancestry]
 12160 | D:11     | Reached XP level 12. HP: 73/93 MP: 12/18
 12168 | D:11     | Killed a boulder beetle
 12172 | D:11     | Killed a death knight
 12376 | D:11     | Noticed a death yak
 12386 | D:11     | Reached skill level 5 in Shields
 12388 | D:11     | Noticed a death yak
 12388 | D:11     | Noticed a death yak
 12391 | D:11     | Killed a death yak
 12398 | D:11     | Killed a death yak
 12399 | D:11     | Killed a death yak
 12413 | D:11     | Found a staircase to the Lair.
 12716 | D:11     | Reached skill level 10 in Invocations
 12915 | Lair:1   | Entered Level 1 of the Lair of Beasts
 12995 | D:12     | Acquired a manual of Invocations
 13134 | D:12     | Noticed a five-headed hydra
 13148 | D:12     | Killed a five-headed hydra
 13148 | D:12     | Received a gift from Okawaru
 13417 | D:12     | Noticed a boulder beetle
 13432 | D:12     | Reached skill level 11 in Invocations
 13443 | D:12     | Killed a boulder beetle
 13443 | D:12     | Received a gift from Okawaru
 13444 | D:12     | Reached skill level 1 in Polearms
 13444 | D:12     | Found the +3 pair of seven-league boots {Rampage+∞}
 14163 | D:13     | Noticed Erolcha
 14491 | D:13     | Killed Erolcha
 14492 | D:13     | Reached skill level 12 in Invocations
 14536 | D:13     | Noticed a centaur warrior
 14546 | D:13     | Killed a centaur warrior
 14554 | D:13     | Identified the +2 long sword "Qaeti" {flame, Contam +Blink
                  | rN+}
 14669 | D:13     | Noticed Kirke
 14680 | D:13     | Killed Kirke
 14681 | D:13     | Gained mutation: Your hexes are more powerful. [demonic
                  | ancestry]
 14681 | D:13     | Reached XP level 13. HP: 101/101 MP: 22/22
 14934 | D:13     | Found an ancient bone altar of Kikubaaqudgha.
 15169 | D:14     | You fall into a shaft and drop 1 floor!
 15169 | D:15     | Entered Level 15 of the Dungeon
 15807 | D:14     | Reached skill level 13 in Invocations
 15845 | D:14     | Identified the +11 mace of Purpose {vamp, Contam rPois
                  | rCorr}
 16085 | D:14     | Reached ****** piety under Okawaru
 16100 | D:14     | Found a gate to the Vaults.
 16107 | D:14     | Identified the +2 pair of gloves "Boemeb" {Harm rElec}
                  | (Okawaru gifted it to you on level 14 of the Dungeon)
 16107 | D:14     | Received a gift from Okawaru
 16383 | D:13     | Reached skill level 14 in Invocations
 17515 | D:15     | Found a runed translucent door.
 17675 | D:15     | Reached skill level 15 in Invocations
 17675 | D:15     | Gained mutation: Your melee attacks may debilitate your
                  | foes. [demonic ancestry]
 17675 | D:15     | Reached XP level 14. HP: 111/111 MP: 25/25
 18669 | D:15     | Noticed Opripao's ghost (journeyman MiFi)
 18776 | D:15     | Received a gift from Okawaru
 18781 | D:15     | Found a staircase to the Depths.
 18781 | D:15     | Noticed a stone giant
 18789 | D:15     | Killed a stone giant
 19280 | D:15     | Killed Opripao's ghost
 19506 | Orc:1    | Entered Level 1 of the Orcish Mines
 19557 | Orc:1    | Found a frozen archway.
 19578 | Orc:1    | Reached skill level 16 in Invocations
 19592 | IceCv    | Entered an ice cave
 20809 | IceCv    | Noticed a reaper
 20875 | IceCv    | Killed a reaper
 21183 | IceCv    | Identified the +7 glaive of Hacking and Slashing {spect,
                  | rPois}
 21186 | IceCv    | Got the Guide on the Frostbite
 21657 | Orc:1    | Noticed Sonja
 21666 | Orc:1    | Killed Sonja
 21704 | Orc:1    | Noticed Amaemon
 21714 | Orc:1    | Killed Amaemon
 21754 | Orc:1    | Found Ruoluoc's Armour Emporium.
 21913 | Orc:1    | Noticed Fannar
 21920 | Orc:1    | Killed Fannar
 21986 | Orc:2    | Entered Level 2 of the Orcish Mines
 22031 | Orc:2    | Found a staircase to the Elven Halls.
 22240 | Orc:2    | Received a gift from Okawaru
 22380 | Orc:2    | Reached skill level 10 in Fighting
 22413 | Orc:2    | Found Ycoholey's Antique Weapon Shoppe.
 22441 | Orc:2    | Gained mutation: Armour fits poorly on your strangely
                  | shaped body. [mutagenic glow]
 23043 | Orc:2    | Found a burning altar of Makhleb.
 23119 | Orc:2    | Reached skill level 17 in Invocations
 23181 | Orc:2    | Found Xycost's General Store.
 23182 | Orc:2    | Found Xeky's Antique Armour Boutique.
 23183 | Orc:2    | Found Vothru Mank's Armour Boutique.
 23186 | Orc:2    | Found Inkaox's Antique Armour Shop.
 23348 | Orc:2    | Bought a scroll of identify for 30 gold pieces
 23348 | Orc:2    | Bought a wand of iceblast (2) for 90 gold pieces
 23348 | Orc:2    | Bought a wand of acid (2) for 180 gold pieces
 23348 | Orc:2    | Bought a +1 cloak for 172 gold pieces
 24295 | Lair:2   | Received a gift from Okawaru
 24310 | Lair:2   | Reached XP level 15. HP: 114/118 MP: 27/27
 24497 | Lair:2   | Found a staircase to the Snake Pit.
 24845 | Lair:2   | Received a gift from Okawaru
 25033 | Lair:2   | Received a gift from Okawaru
 25949 | Lair:3   | Reached skill level 18 in Invocations
 26850 | Lair:4   | Reached skill level 15 in Long Blades
 27668 | Lair:4   | Found a staircase to the Swamp.
 28055 | Lair:5   | Received a gift from Okawaru
 28428 | Lair:5   | Reached skill level 19 in Invocations
 28774 | Lair:6   | Entered Level 6 of the Lair of Beasts
 28994 | Lair:6   | Found a staircase to the Slime Pits.
 29756 | Lair:6   | Gained mutation: You have a pair of large antennae on your
                  | head. (SInv) [demonic ancestry]
 29756 | Lair:6   | Reached XP level 16. HP: 128/128 MP: 29/29
 29836 | Lair:6   | Received a gift from Okawaru
 29900 | Lair:6   | Reached skill level 10 in Shields
 30038 | Lair:6   | Reached skill level 20 in Invocations
 30148 | Lair:6   | Found a corrupted altar of Lugonu.
 30148 | Lair:6   | Found a one-way gate to the infinite horrors of the Abyss.
 30712 | Swamp:1  | Entered Level 1 of the Swamp
 30712 | Swamp:1  | Noticed Frances
 30832 | Swamp:1  | Killed Frances
 31629 | Swamp:1  | Found a runed translucent gate.
 31629 | Swamp:1  | Found a runed translucent gate.
 31630 | Swamp:1  | Found a runed translucent gate.
 31634 | Swamp:1  | Noticed testman's ghost (adept TrMo)
 31634 | Swamp:1  | Noticed Xonepos's ghost (adept MiFi)
 31635 | Swamp:1  | Noticed sammy202020's ghost (journeyman MiFi)
 31635 | Swamp:1  | Noticed Efairey's ghost (adept DsGl)
 32070 | Swamp:1  | Killed Efairey's ghost
 32107 | Swamp:1  | Killed sammy202020's ghost
 32112 | Swamp:1  | Killed Xonepos's ghost
 32131 | Swamp:1  | Got the Volume of Displacement
 32148 | Swamp:1  | Killed testman's ghost
 32720 | Swamp:2  | Reached skill level 1 in Evocations
 32843 | Swamp:2  | Noticed a thorn hunter
 32855 | Swamp:2  | Killed a thorn hunter
 32855 | Swamp:2  | Identified the +2 plate armour of the Monkey {rN+ Dex+5
                  | Slay-2} (Okawaru gifted it to you on level 2 of the Swamp)
 32855 | Swamp:2  | Received a gift from Okawaru
 34117 | Swamp:3  | Reached skill level 10 in Armour
 34429 | Swamp:3  | Found a broken altar of Ashenzari.
 35038 | Swamp:4  | Entered Level 4 of the Swamp
 35044 | Swamp:4  | Gained mutation: Spells you cast may paralyse nearby
                  | enemies. [demonic ancestry]
 35044 | Swamp:4  | Reached XP level 17. HP: 139/139 MP: 31/31
 35052 | Swamp:4  | Identified the +1 chain mail "Hatuaphe Ril" {Contam rC+
                  | rN+} (Okawaru gifted it to you on level 4 of the Swamp)
 35052 | Swamp:4  | Received a gift from Okawaru
 35194 | Swamp:3  | Slain by an alligator

Illustrated notes

Levels and vault maps discovered:
D:1:      tarquinn_simple_flora_water_d, layout_loops_ring,
          hellmonk_ecumenical_altar_heavens_door, chequers_serial_rivers_small_a
D:2:      layout_basic, basic_altar, serial_shops,
          nicolae_shop_advertising_works [nicolae_subvault_shop_adworks]
D:3:      layout_loops_ring, nicolae_uskayaw_en_pointe, bloody_trog,
          nicolae_ru_path_of_blood, elyvilon_altar_4, lightli_sewer_entry_pipes,
          hangedman_decor_peaks_small, uniq_sigmund
D:4:      layout_rooms, tgw_kikubaaqudgha
D:5:      layout_loops_corners, led_xom_imps, nemelex_xobeh_ov_fountains_minmay,
          minmay_temple_entry_water_ring, chequers_serial_rivers_large_b,
          doesnt_shop_hydraphobe
D:6:      layout_loops_cross, led_sif_book, amcnicky_mini_corridor_feature
D:7:      layout_basic, lightli_church_of_beogh, uniq_pikel
D:8:      minmay_evil_eye, layout_gridville, uniq_harold, uniq_gastronok,
          uniq_joseph
D:9:      layout_big_octagon, nicolae_wu_jian_immortal_techniques,
          mainiacjoe_overflow_chevrons
D:10:     layout_irregular_city, general_overflow_altar, hiddenorc1_lemuel,
          serial_shops, nicolae_lakefront_shop, minmay_ruffians
D:11:     layout_basic, dpeg_lair_monsters, enter_trove_1, dk_vineyard_1,
          eino_jars, uniq_erica
D:12:     layout_layer_cave, grunt_ministairs_2
D:13:     layout_rooms, kennysheep_vampire_church, uniq_kirke, uniq_erolcha
D:14:     minmay_shrinking_squares, layout_irregular_city,
          lightli_vaults_fourway_checkpoint, minivault_24, grunt_ministairs_8,
          minmay_microvault
D:15:     grunt_enter_depths_snipers, layout_basic, ebering_ghost_inner_flame
Temple:   minmay_temple_curvy_loop
Lair:1:   layout_misc_corridors, grunt_megastairs_3, lemuel_fruit_fields
Lair:2:   layout_chaotic_city, minmay_snake_entry_guardpost_small,
          beast_lair_carwin_8, serial_bayou_shore_a, grunt_megastairs_1
Lair:3:   layout_small_grid, nicolae_lair_grove_arrangements, lemuel_fruit_tree
Lair:4:   layout_regular_city, nicolae_swamp_entry_splash_gauntlet,
          grunt_megastairs_4
Lair:5:   layout_regular_city, serial_bayou_lake_a
Lair:6:   hellmonk_lair_end_abyssal_woods, layout_regular_city,
          minmay_slime_entry_pillars
Swamp:1:  layout_falls_marsh, gammafunk_ghost_cemetery,
          evilmike_swamp_ruin_house_4, hangedman_swamp_wriggling, uniq_frances
Swamp:2:  layout_basic_swamp, nicolae_swamp_tree_isthmus,
          infiniplex_staircase_pool
Swamp:3:  layout_basic_swamp, lemuel_altar_in_water
Swamp:4:  swamp_alternative, layout_basic_swamp
Orc:1:    layout_caves, serial_shops, nicolae_shop_behind_doors,
          portal_ice_cave_entry_ice_simulacra, mines1_david, uniq_fannar,
          uniq_amaemon, uniq_sonja
Orc:2:    st_orc_mages, layout_caves, serial_shops, shop, basic_altar

Skill      XL: |  1  2  3  4  5  6  7  8  9 10 11 12 13 14 15 16 |
---------------+-------------------------------------------------+-----
Throwing       | 2 3 4 |  4.7
Dodging        | 3 4 5 6 |  6.5
Axes           | 3 4 5 |  5.2
Armour         | 1 2 3 4 5 6 7 8 9 10 | 10.2
Long Blades    | 2 4 6 8 9 11 12 13 14 15 16 | 16.0
Fighting       | 3 5 6 7 8 9 10 11 12 | 12.5
Shields        | 1 2 3 4 6 7 8 9 11 | 11.3
Stealth        | 1 2 3 |  3.5
Invocations    | 4 7 9 12 15 17 19 20 | 20.9
Polearms       | 1 |  1.5
Evocations     | 3 |  3.3
Maces & Flails | |  0.3

Action                   |  1- 3 |  4- 6 |  7- 9 | 10-12 | 13-15 | 16-18 || total
-------------------------+-------+-------+-------+-------+-------+-------++-------
Melee: War axe           |   113 |   125 |       |       |       |       ||   238
       Punch             |     1 |     2 |       |       |       |       ||     3
       Double sword      |       |    27 |   315 |   461 |  1180 |   524 ||  2507
       Trident           |       |       |       |     4 |     4 |       ||     8
       Mace              |       |       |       |       |     8 |       ||     8
       Scimitar          |       |       |       |       |    30 |    35 ||    65
Throw: Boomerang         |     4 |     2 |    17 |    18 |    38 |    12 ||    91
Invok: Heroism           |       |       |     1 |     8 |     5 |     3 ||    17
       Finesse           |       |       |       |     1 |     2 |     2 ||     5
Evoke: Wand              |       |       |       |       |     2 |       ||     2
       Tin of tremorston |       |       |       |       |       |     2 ||     2
  Use: Potion            |       |     1 |     2 |       |     2 |     2 ||     7
       Scroll            |       |       |    22 |     7 |    11 |     2 ||    42
 Stab: Invisible         |       |       |     1 |       |       |       ||     1
       Confused          |       |       |       |       |     1 |       ||     1
       Paralysed         |       |       |       |       |     1 |       ||     1
       Petrified         |       |       |       |       |     4 |       ||     4
       Petrifying        |       |       |       |       |     2 |     2 ||     4
       Distracted        |       |       |       |       |       |     1 ||     1
Armor: Leather armour    |    17 |       |       |       |       |       ||    17
       Chain mail        |    45 |   117 |    39 |       |       |       ||   201
       Plate armour      |       |       |    45 |       |       |       ||    45
       Scale mail        |       |       |   139 |   176 |   121 |       ||   436
       Crystal plate arm |       |       |       |       |   332 |   197 ||   529
Dodge: Dodged            |    76 |    77 |   130 |   214 |   389 |   134 ||  1020
Block: Buckler           |       |       |   104 |   296 |   833 |   351 ||  1584
       Reflection        |       |       |     7 |    13 |    59 |    27 ||   106

Table legend: (Time is in decaauts)
 A = Elapsed time spent in this place.
 B = Non-inter-level travel time spent in this place.
 C = Inter-level travel time spent in this place.
 D = Time resting spent in this place.
 E = Time spent auto-exploring this place.
 F = Levels seen in this place.
 G = Mean time per level.
                   A        B        C        D        E       F      G
               +--------+--------+--------+--------+--------+-----+--------+
         Total |  35370 |  34206 |   1164 |   5244 |  19854 |  30 | 1179.0 |
       Dungeon |  18631 |  17931 |    700 |   2769 |  10663 |  15 | 1242.1 |
        Temple |    117 |    117 |      0 |      0 |     88 |   1 |  117.0 |
          Lair |   7317 |   6930 |    387 |    560 |   4864 |   6 | 1219.5 |
         Swamp |   4151 |   4097 |     54 |    501 |   2533 |   4 | 1037.8 |
  Orcish Mines |   2155 |   2132 |     23 |    225 |   1005 |   2 | 1077.5 |
         Sewer |   1196 |   1196 |      0 |    401 |    275 |   1 | 1196.0 |
      Ice Cave |   1801 |   1801 |      0 |    788 |    425 |   1 | 1801.0 |
               +--------+--------+--------+--------+--------+-----+--------+

Top non-repeatable levels by time:
    D:14: 2062 daAuts
   IceCv: 1801 daAuts
    D:15: 1658 daAuts
  Lair:4: 1651 daAuts
  Lair:6: 1637 daAuts
     D:3: 1575 daAuts
    D:12: 1541 daAuts
 Swamp:2: 1510 daAuts
   Orc:2: 1488 daAuts
    D:10: 1280 daAuts
 Swamp:1: 1269 daAuts
 Swamp:3: 1230 daAuts
    D:11: 1219 daAuts
     D:8: 1198 daAuts
   Sewer: 1196 daAuts
